 Dungeon Crawl Stone Soup version 0.26.0-10-g1f06aea511 (webtiles) character file.

Game seed: 1187633736223608323

4315 MajorAdolf the Cleaver (level 10, -8/85 HPs)
             Began as a Naga Wanderer on Jan 16, 2021.
             Was an Initiate of Gozag.
             Mangled by an ice beast (14 damage)
             ... on level 8 of the Dungeon.
             The game lasted 00:12:59 (11697 turns).

MajorAdolf the Cleaver (Naga Wanderer)             Turns: 11697, Time: 00:13:00

Health: -8/85      AC: 16    Str: 18    XL:     10   Next: 33%
Magic:  10/10      EV:  8    Int: 14    God:    Gozag
Gold:   807        SH:  0    Dex:  9    Spells: 8/9 levels left

rFire    . . .     SeeInvis +   I - +3 mace (venom)
rCold    . . .     Faith    .   (no shield)
rNeg     . . .     Spirit   .   b - +2 scale mail
rPois    +         Reflect  .   v - +1 hat
rElec    .         Harm     .   (no cloak)
rCorr    .         Rampage  .   r - +0 pair of gloves
Will     ++...                  (no barding)
Stlth    ..........             (no amulet)
HPRegen  0.24/turn              y - +4 ring of protection
MPRegen  0.12/turn              f - ring of willpower

@: about to teleport, marked, very slow
A: large, see invisible, deformed body, poison resistance, slowness 2, spit
poison 1, AC +3
a: Spit Poison, Renounce Religion, Potion Petition, Call Merchant, Bribe Branch


You were on level 8 of the Dungeon.
You worshipped Gozag.
Gozag was pleased with you.
You visited 2 branches of the dungeon, and saw 9 of its levels.

You collected 937 gold pieces.
You spent 84 gold pieces at shops.
You paid 46 gold pieces to Gozag.

Inventory:

Hand Weapons
 a - a +0 hand crossbow
 s - a +3 vorpal mace
 x - the +0 hand axe of Conscience {antimagic, *Corrode rElec rF+++}
   (You found it on level 4 of the Dungeon)

   It reduces the magical energy of the wielder, and disrupts the spells and
   magical abilities of those hit.
   Natural abilities and divine invocations are not affected.
   It renders you almost immune to fire.
   It insulates you from electricity.
   It may corrode you when you take damage.
 I - a +3 mace of venom (weapon)
Missiles
 c - 67 bolts
Armour
 b - a +2 scale mail (worn)
 r - a +0 pair of gloves (worn)
 v - a +1 hat (worn)
 C - a cursed +0 robe
Magical Staves
 H - an uncursed staff of earth
Jewellery
 f - a ring of willpower (right hand)
 i - a +6 ring of intelligence
 y - a +4 ring of protection (left hand)
 E - an uncursed ring of magical power
Wands
 l - a wand of polymorph (22)
 B - a wand of random effects (27)
Scrolls
 e - 3 scrolls of identify
 m - a scroll of fog
 n - 5 scrolls of remove curse
 u - a scroll of blinking {unknown}
 w - a scroll of immolation {unknown}
 A - a scroll of enchant weapon {unknown}
 D - a scroll of amnesia {unknown}
 F - a scroll of enchant armour {unknown}
Potions
 d - 2 potions of attraction
 g - a potion of ambrosia {unknown}
 h - a potion of degeneration {unknown}
 k - a potion of flight {unknown}
 o - 2 potions of heal wounds {unknown}
 p - a potion of resistance {unknown}
 q - 2 potions of haste {unknown}
 z - a potion of might
 G - 2 potions of cancellation {unknown}


   Skills:
 - Level 4.0 Fighting
 + Level 8.8 Axes
 - Level 1.0 Throwing
 + Level 7.7 Armour
 - Level 1.0 Dodging
 - Level 3.0 Transmutations
 + Level 6.8 Evocations


You had 8 spell levels left.
You knew the following spells:

 Your Spells              Type           Power        Failure   Level
a - Beastly Appendage     Tmut           16%          22%         1

Your spell library contained the following spells:

 Spells                   Type           Power        Failure   Level
 Sting                    Tmut/Pois      16%          38%         1
 Corona                   Hex            0%           61%         1
 Summon Small Mammal      Summ           0%           61%         1
 Call Imp                 Summ           0%           75%         2
 Ensorcelled Hibernation  Hex/Ice        0%           75%         2
 Poisonous Vapours        Pois/Air       0%           75%         2
 Ignite Poison            Fire/Tmut/Pois 2%           83%         3
 Call Canine Familiar     Summ           0%           93%         3
 Confusing Touch          Hex            0%           93%         3
 Dazzling Flash           Conj/Hex       0%           93%         3
 Mephitic Cloud           Conj/Pois/Air  0%           93%         3
 Summon Guardian Golem    Hex/Summ       0%           93%         3
 Tukima's Dance           Hex            0%           93%         3
 Olgreb's Toxic Radiance  Pois           0%           100%        4
 Summon Ice Beast         Ice/Summ       0%           100%        4
 Summon Lightning Spire   Summ/Air       0%           100%        4


Dungeon Overview and Level Annotations

Branches:
Dungeon (8/15)             Temple (1/1) D:4            Lair (0/6) D:8

Altars:
Ashenzari
Cheibriados
Dithmenos
Elyvilon
Fedhas
Gozag
Hepliaklqana
Kikubaaqudgha
Makhleb
Nemelex Xobeh
Okawaru
Qazlal
Ru
Sif Muna
Trog
Uskayaw
Vehumet
Wu Jian
Xom
Yredelemnul
Zin
The Shining One

Shops:
D:5 !

Annotations:
D:6 3 runed translucent doors, p0werm0de's ghost, novice DsFi
D:7 2 transporters, MisterFreud's ghost, novice DsVM


Innate Abilities, Weirdness & Mutations

You cannot wear boots.
Your serpentine skin is tough. (AC +3)
You have supernaturally acute eyesight. (SInv)
Armour fits poorly on your strangely shaped body.
Your system is resistant to poisons. (rPois)
You cover ground very slowly.
You can spit poison.


Message History

The big kobold is lightly wounded.
The yak is no longer distracted by gold.
The big kobold hits you.
* * * LOW HITPOINT WARNING * * *
The ice beast hits you.
* * * LOW HITPOINT WARNING * * *
The ice beast freezes you!
* * * LOW HITPOINT WARNING * * *
The big kobold hits you.
* * * LOW HITPOINT WARNING * * *
Unknown command.
Okay, then.
You hit the big kobold.
The big kobold looks as sick as possible!
The big kobold is moderately wounded.
The ice beast hits you.
* * * LOW HITPOINT WARNING * * *
The ice beast freezes you!
You die...
Your body crumbles into a pile of gold. ... .. ... $ .. ....
Yo. #YY

....#.. #Y# ##..
.Y..... ##Y##...
........##Y#..#
### #......K#@#.#
# #.o
#.....KK##B##...#
.#......K#.##.#..
........$#Y.#..#.#
##.....$$#..#...#
....#.......$$##$#
........##$$.##.#
........#...?###.
.......Y.Y...# ..


You could see 5 yaks, an orc warrior, an ice beast, a big kobold (extremely
poisoned) and 2 kobolds.

Vanquished Creatures
  Prince Ribbit (D:6)
  6 yaks
  An ice beast (D:6)
  4 black bears
  2 orc warriors
  A sky beast (D:6)
  4 phantoms
  An ogre (D:8)
  3 centaurs
  A necrophage (D:5)
  A big kobold (D:8)
  3 bullfrogs (D:7)
  5 killer bees (D:7)
  4 scorpions
  A water moccasin skeleton (D:6)
  3 howler monkeys
  A centaur zombie (D:7)
  4 orc priests
  A hound (D:6)
  5 jellies
  A bullfrog skeleton (D:4)
  2 iguanas
  3 orc wizards
  7 worker ants
  A hound skeleton (D:7)
  A worker ant zombie (D:8)
  3 gnolls (D:5)
  9 adders
  5 white imps
  An ufetubus (D:8)
  An adder zombie (D:7)
  2 worms (D:2)
  3 dart slugs
  4 leopard geckos
  24 orcs
  2 ball pythons
  8 giant cockroaches
  6 goblins
  3 hobgoblins
  4 jackals (D:7)
  A quokka (D:5)
  9 bats
  6 frilled lizards
  3 kobolds
  A quokka zombie (D:7)
  5 rats
167 creatures vanquished.

Vanquished Creatures (others)
  6 plants (D:4)
6 creatures vanquished.

Grand Total: 173 creatures vanquished

Notes
Turn   | Place    | Note
-------+----------+-------------------------------------------
     0 | D:1      | MajorAdolf the Naga Wanderer began the quest for the Orb.
     0 | D:1      | MajorAdolf set off with the following items: a +0 hand
                  | crossbow, a +2 scale mail, 26 bolts; and the following
                  | spell memorised: Beastly Appendage; and the following
                  | spells available to memorise: Ignite Poison
     0 | D:1      | Reached XP level 1. HP: 18/18 MP: 1/1
    34 | D:1      | Found a broken altar of Ashenzari.
   551 | D:1      | Reached XP level 2. HP: 26/26 MP: 2/2
  1180 | D:1      | Reached XP level 3. HP: 27/32 MP: 3/3
  1514 | D:2      | Reached skill level 1 in Dodging
  1645 | D:2      | Found a blossoming altar of Fedhas.
  1702 | D:2      | Reached XP level 4. HP: 36/40 MP: 4/4
  2328 | D:2      | Found a burning altar of Makhleb.
  2332 | D:2      | Found a snail-covered altar of Cheibriados.
  2337 | D:2      | Found a basalt altar of Yredelemnul.
  3433 | D:3      | Reached XP level 5. HP: 27/49 MP: 5/5
  4198 | D:4      | Reached XP level 6. HP: 55/57 MP: 6/6
  4324 | D:4      | Reached skill level 3 in Axes
  4780 | D:4      | Noticed a phantom
  4798 | D:4      | Killed a phantom
  5049 | D:4      | Found a staircase to the Ecumenical Temple.
  5053 | D:4      | Got a scorched hand axe
  5055 | D:4      | Identified the cursed +0 hand axe of Conscience {antimagic,
                  | *Corrode rElec rF+++} (You found it on level 4 of the
                  | Dungeon)
  5100 | Temple   | Entered the Ecumenical Temple
  5188 | Temple   | Became a worshipper of Gozag Ym Sagoz the Greedy
  5312 | D:5      | Entered Level 5 of the Dungeon
  5316 | D:5      | Found a bloodstained altar of Trog.
  5482 | D:5      | Found an iron altar of Okawaru.
  5724 | D:5      | Reached skill level 4 in Axes
  5724 | D:5      | Reached XP level 7. HP: 16/64 MP: 7/7
  6668 | D:5      | Found Jubomuv's Distillery.
  6674 | D:5      | Bought a potion of might for 48 gold pieces
  6674 | D:5      | Bought a potion of curing for 36 gold pieces
  6790 | D:6      | Reached skill level 5 in Axes
  7064 | D:6      | Reached skill level 5 in Armour
  7064 | D:6      | Reached XP level 8. HP: 56/72 MP: 8/8
  7262 | D:6      | Noticed p0werm0de's ghost (novice DsFi)
  7316 | D:6      | Found a runed translucent gate.
  7316 | D:6      | Found a runed translucent gate.
  7316 | D:6      | Found a runed translucent gate.
  7328 | D:6      | Found a stormy altar of Qazlal.
  7354 | D:6      | Noticed Prince Ribbit
  7935 | D:6      | Reached skill level 6 in Axes
  8033 | D:6      | Found a blossoming altar of Fedhas.
  8073 | D:6      | Noticed a yak
  8096 | D:6      | HP: 2/72 [orc warrior/+2 short sword of venom (12)]
  8104 | D:6      | HP: 3/72 [poisoned by an orc warrior]
  8109 | D:6      | HP: 2/72 [poisoned by an orc warrior]
  8116 | D:6      | HP: 2/72 [poisoned by an orc warrior]
  8124 | D:6      | HP: 2/72 [poisoned by an orc warrior]
  8802 | D:6      | Killed a yak
  8845 | D:6      | Killed Prince Ribbit
  8846 | D:6      | Reached XP level 9. HP: 54/78 MP: 9/9
  9478 | D:7      | Reached skill level 7 in Axes
  9577 | D:7      | Found an iron altar of Okawaru.
  9588 | D:7      | Noticed a hornet
  9590 | D:7      | Noticed a queen bee
  9595 | D:7      | Noticed MisterFreud's ghost (novice DsVM)
  9610 | D:7      | Found a transporter.
  9610 | D:7      | Found a transporter.
  9974 | D:7      | Reached skill level 5 in Evocations
 10691 | D:8      | Reached skill level 8 in Axes
 11131 | D:8      | Found a staircase to the Lair.
 11323 | D:8      | Reached XP level 10. HP: 60/85 MP: 10/10
 11697 | D:8      | Mangled by an ice beast

Illustrated notes

Levels and vault maps discovered:
D:1:      dpeg_arrival_ternary, layout_basic, nicolae_ashenzari_panopticon
D:2:      layout_loops_corners, minmay_overflow_temple_star_quad, fedhas_altar_1
D:3:      layout_basic
D:4:      layout_basic, minmay_temple_entry_gardened_gates
D:5:      layout_basic, basic_altar, serial_shops, shop, okawaru_gym_becter
D:6:      minmay_chambers_of_sixes, layout_cave_pools, lemuel_crystal_altar,
          marbit_many_paths, gammafunk_ghost_icy, uniq_prince_ribbit1
D:7:      layout_rooms, basic_altar, gammafunk_ghost_hive,
          hangedman_decor_lopped
D:8:      minmay_ornate_pinched, layout_cave_pools
Temple:   minmay_crystal_spiral_temple

Skill      XL: |  1  2  3  4  5  6  7  8  9 |
---------------+----------------------------+-----
Fighting       | 2 3 4 |  4.0
Armour         | 2 3 4 5 6 7 |  7.7
Dodging        | 1 |  1.0
Axes           | 4 5 6 8 |  8.8
Evocations     | 4 6 |  6.8
Throwing       | |  1.0
Transmutations | |  3.0

Action                   |  1- 3 |  4- 6 |  7- 9 | 10-12 || total
-------------------------+-------+-------+-------+-------++-------
Melee: Mace              |       |    64 |   148 |    79 ||   291
       Headbutt          |       |     1 |     4 |       ||     5
       Short sword       |       |       |   266 |       ||   266
 Fire: Hand crossbow     |    75 |    95 |       |       ||   170
 Cast: Beastly Appendage |       |     7 |     4 |       ||    11
 Abil: Spit Poison       |       |     5 |     5 |       ||    10
Evoke: Wand              |       |       |     3 |       ||     3
  Use: Scroll            |       |     6 |     3 |     1 ||    10
       Potion            |       |       |     5 |       ||     5
 Stab: Distracted        |       |       |       |     1 ||     1
Armor: Scale mail        |    31 |    54 |   343 |    46 ||   474
Dodge: Dodged            |    14 |    47 |   240 |    38 ||   339
